Red Wings vs Canadiens (R1)

Created - July 12, 2022 at 20:47

Goals
1 2 3 T
Red Wings 0 0 1 1
Canadiens 0 2 0 2
Shots
1 2 3 T
Red Wings 5 6 12 23
Canadiens 10 17 7 34

1st period

No Goal

Penalties :
Michael Haley (Det) for Hooking (Minor) at 2:55, Drew Fata (Det) for Interference (Minor) at 9:51, Cam Fowler (Mon) for Tripping (Minor) at 12:37

2nd period

1. Canadiens , Tyler Kennedy 2 (Henrik Sedin 2) at 5:19
2. Canadiens , Mika Zibanejad 1 (Chris Kreider 1, Phil Kessel 1) at 13:25

Penalties :
Henrik Zetterberg (Det) for Hooking (Minor) at 2:34, Drew Fata (Det) for Hooking (Minor) at 6:59, T.J. Hensick (Det) for Tripping (Minor) at 18:46

3rd period

3. Red Wings , Nino Niederreiter 4 (Philip Samuelsson 1, Marko Dano 5) at 3:48

Penalties :
Ole-Kristian Tollefsen (Det) for High sticking (Minor) at 10:54, T.J. Hensick (Det) for Hooking (Minor) at 14:58, Cam Fowler (Mon) for Roughing (Minor) at 19:44

Goalie Stats

Robin Lehner (Det), 32 saves from 34 shots - (0.941), L, 1-1-0, 59:20 minutes
Kristers Gudlevskis (Mon), 22 saves from 23 shots - (0.957), W, 1-1-1, 60:00 minutes

Players Stats for Red Wings

Player Name              G  A  P  +/- PIM S  H  SB GA TA FO     MP     PP MP  PK MP  
------------------------------------------------------------------------------------
Carson Mcmillan          0  0  0   0  0   5  0  1  0  0  1/1    15:08   0:00   7:31 
Connor Brown             0  0  0  -1  0   3  1  1  1  0  1/2    12:25   0:56   0:00 
David Krejci             0  0  0   0  0   1  1  0  1  0  2/3     9:23   0:00   1:22 
Drew Fata                0  0  0   0  4   1  1  2  0  0  0/0    20:56   1:21   5:56 
Dylan Larkin             0  0  0  -1  0   0  0  0  1  0  6/12   12:25   0:56   0:00 
Henrik Zetterberg        0  0  0   0  2   1  1  0  0  1  9/17   17:51   1:18   0:00 
Jakub Kindl              0  0  0   0  0   0  0  1  0  0  0/0    14:12   0:53   0:27 
Jiri Fischer             0  0  0   0  0   0  1  0  0  0  0/0    14:30   0:00   3:59 
Jordin Tootoo            0  0  0   0  0   0  0  0  1  0  0/1     7:25   0:00   0:00 
Kris Versteeg            0  0  0  -1  0   2  3  0  0  0  7/15   19:48   0:56   7:52 
Marko Dano               0  1  1   0  0   2  0  0  0  0  0/0    19:02   1:15   0:48 
Michael Haley            0  0  0   0  2   2  0  0  0  0  0/0    11:59   0:00   4:10 
Nino Niederreiter        1  0  1   0  0   1  3  0  2  1  0/1    20:48   1:18   2:31 
Ole-Kristian Tollefsen   0  0  0   0  2   1  0  1  0  0  0/0    19:21   0:53   4:20 
Philip Samuelsson        0  1  1  -1  0   0  0  0  0  0  0/0    25:27   1:21   5:24 
Ryan O'Byrne             0  0  0  -1  0   1  2  3  0  0  0/0    25:48   0:00   7:40 
T.J. Hensick             0  0  0   0  4   3  1  0  1  0  4/5    12:02   0:03   3:32 
Tye McGinn               0  0  0   0  0   0  1  0  0  0  0/0     7:30   0:00   0:00 

Players Stats for Canadiens

Player Name              G  A  P  +/- PIM S  H  SB GA TA FO     MP     PP MP  PK MP  
------------------------------------------------------------------------------------
Brandon Bollig           0  0  0   0  0   2  3  0  0  0  0/0     9:51   0:15   0:38 
Brian Dumoulin           0  0  0   0  0   0  1  2  0  2  0/0    10:59   0:00   1:07 
Bryce Lampman            0  0  0   2  0   3  2  0  0  1  0/0    20:28   5:39   1:08 
Cam Fowler               0  0  0  -1  4   1  3  2  1  0  0/0    28:09   8:14   0:00 
Chad Larose              0  0  0   0  0   1  0  0  0  1  0/0     8:19   0:00   1:11 
Chris Kreider            0  1  1   1  0   3  2  1  0  1  2/4    21:20   7:03   0:00 
Greg Stewart             0  0  0   0  0   3  0  1  0  0  0/0    20:05   6:35   0:00 
Henrik Sedin             0  1  1   0  0   1  1  0  1  0  6/10   15:12   6:09   0:26 
Jean-Gabriel Pageau      0  0  0   0  0   0  0  0  0  0  8/17   15:31   0:41   1:03 
Jordan Szwarz            0  0  0   0  0   0  2  0  0  0  0/0     7:47   0:15   0:00 
Kevin Shattenkirk        0  0  0  -1  0   2  8  4  0  0  0/0    29:26   8:14   0:52 
Mark Stuart              0  0  0   2  0   1  0  0  0  0  0/0    21:05   5:39   1:21 
Mika Zibanejad           1  0  1   1  0   4  1  3  0  0  10/19  21:41   7:03   0:00 
Nick Spaling             0  0  0   0  0   1  1  0  0  0  1/4     7:16   0:00   0:25 
Phil Kessel              0  1  1   1  0   1  1  0  0  0  0/0    21:43   7:03   0:00 
Philip Larsen            0  0  0   0  0   1  2  1  0  0  0/0     9:52   0:00   0:00 
Steve Downie             0  0  0   0  0   9  2  0  0  1  0/0    20:02   6:35   0:00 
Tyler Kennedy            1  0  1   0  0   1  1  0  0  1  0/3     8:58   0:00   0:45 

3 Stars

1 - Mika Zibanejad (Mon)
2 - Kristers Gudlevskis (Mon)
3 - Robin Lehner (Det)

Power Play

Red Wings - 0 on 2 Attempt(s) - 0.00%
Canadiens - 0 on 7 Attempt(s) - 0.00%

Penalty Kill

Red Wings - 7 on 7 Attempt(s) - 100.00% - Score 0 goal in Penalty Kill
Canadiens - 2 on 2 Attempt(s) - 100.00% - Score 0 goal in Penalty Kill

Team Stat

Red Wings - Hits : 15 - Faceoff Wins : 30 - Blocked Shots : 9 - Penalty Minutes : 14
Canadiens - Hits : 30 - Faceoff Wins : 27 - Blocked Shots : 14 - Penalty Minutes : 4

Official

Referees : Jacob Brenk and Marc Joannette
Linesman : Brad Kovachik and Devin Berg

Game Notes

No Game Note

Finance

Level 1 -- Attendance: 6000 (100.00%) -- Ticket Income $600,000
Level 2 -- Attendance: 5000 (100.00%) -- Ticket Income $300,000
Level 3 -- Attendance: 2000 (100.00%) -- Ticket Income $70,000
Level 4 -- Attendance: 4000 (100.00%) -- Ticket Income $100,000
Luxury Box -- Attendance: 1000 (100.00%) -- Ticket Income $200,000
Game was played at the Centre Bell.
Total Attendance: 18000 (100.00%)
Total Ticket Income: $1,270,000
Other Income: $190,500
Total Income: $1,460,500

Red Wings

5 vs 5 Forward 
   Center                   Left Wing                Right Wing               Time % Phy DF OF 
 1 Henrik Zetterberg        Marko Dano               Nino Niederreiter        40     1   2  2  
 2 Dylan Larkin             Kris Versteeg            Connor Brown             30     1   2  2  
 3 T.J. Hensick             Tye McGinn               Carson Mcmillan          20     1   2  2  
 4 David Krejci             Michael Haley            Jordin Tootoo            10     1   2  2  

5 vs 5 Defense 
   Defense                  Defense                                           Time % Phy DF OF 
 1 Philip Samuelsson        Ryan O'Byrne                                      40     1   2  2  
 2 Drew Fata                Ole-Kristian Tollefsen                            30     1   2  2  
 3 Jakub Kindl              Jiri Fischer                                      20     1   2  2  
 4 Jakub Kindl              Jiri Fischer                                      10     1   2  2  

PowerPlay Forward 
   Center                   Left Wing                Right Wing               Time % Phy DF OF 
 1 Henrik Zetterberg        Marko Dano               Nino Niederreiter        60     2   1  2  
 2 Dylan Larkin             Kris Versteeg            Connor Brown             40     2   1  2  

PowerPlay Defense
   Defense                  Defense                                           Time % Phy DF OF 
 1 Philip Samuelsson        Drew Fata                                         60     1   2  2  
 2 Jakub Kindl              Ole-Kristian Tollefsen                            40     1   2  2  

Penalty Kill 4 Players Forward 
   Center                   Wing                     Time % Phy DF OF 
 1 Kris Versteeg            Carson Mcmillan          60     0   4  1  
 2 T.J. Hensick             Michael Haley            40     0   4  1  

Penalty Kill 4 Players Defense
   Defense                  Defense                  Time % Phy DF OF 
 1 Ryan O'Byrne             Drew Fata                60     1   4  0  
 2 Philip Samuelsson        Ole-Kristian Tollefsen   40     1   4  0  

Penalty Kill - 3 Players Forward 
   Forward                                           Time % Phy DF OF 
 1 Carson Mcmillan                                   60     1   4  0  
 2 Michael Haley                                     40     1   4  0  

Penalty Kill - 3 Players Defense
   Defense                  Defense                  Time % Phy DF OF 
 1 Ole-Kristian Tollefsen   Ryan O'Byrne             60     0   5  0  
 2 Philip Samuelsson        Drew Fata                40     0   5  0  

4 vs 4 Forward 
   Center                   Wing                     Time % Phy DF OF 
 1 Henrik Zetterberg        Marko Dano               55     1   2  2  
 2 Nino Niederreiter        Connor Brown             45     1   2  2  

4 vs 4 Defense
   Defense                  Defense                  Time % Phy DF OF 
 1 Philip Samuelsson        Ole-Kristian Tollefsen   60     1   2  2  
 2 Drew Fata                Jiri Fischer             40     1   2  2  

Last Minutes Offensive
   Center                   Left Wing                Right Wing               Defense                  Defense                  
   Henrik Zetterberg        Marko Dano               Nino Niederreiter        Philip Samuelsson        Connor Brown             

Last Minutes Defensive
   Center                   Left Wing                Right Wing               Defense                  Defense                  
   T.J. Hensick             Michael Haley            Carson Mcmillan          Ryan O'Byrne             Drew Fata                

Goaltenders
Starting : Robin Lehner             
Backup : Mike McKenna             

Extra Forwards
Normal : Dylan Larkin, Connor Brown, Nino Niederreiter - PP : T.J. Hensick, Carson Mcmillan - PK : Nino Niederreiter
Extra Defensemen
Normal : Philip Samuelsson, Drew Fata, Ryan O'Byrne - PP : Jiri Fischer - PK : Jiri Fischer, Jakub Kindl
Penalty Shots
Kris Versteeg, Dylan Larkin, Marko Dano, Nino Niederreiter, Carson Mcmillan

Scratches
David Rundblad (Healthy), Mike Richards (Torso Injury), Ryane Clowe (Healthy)

Canadiens

5 vs 5 Forward 
   Center                   Left Wing                Right Wing               Time % Phy DF OF 
 1 Mika Zibanejad           Chris Kreider            Phil Kessel              40     0   1  4  
 2 Jean-Gabriel Pageau      Greg Stewart             Steve Downie             35     0   1  4  
 3 Henrik Sedin             Brandon Bollig           Tyler Kennedy            20     0   2  3  
 4 Nick Spaling             Chad Larose              Jordan Szwarz            5      0   3  2  

5 vs 5 Defense 
   Defense                  Defense                                           Time % Phy DF OF 
 1 Kevin Shattenkirk        Cam Fowler                                        40     0   2  3  
 2 Bryce Lampman            Mark Stuart                                       30     0   2  3  
 3 Philip Larsen            Brian Dumoulin                                    20     1   2  2  
 4 Kevin Shattenkirk        Cam Fowler                                        10     1   2  2  

PowerPlay Forward 
   Center                   Left Wing                Right Wing               Time % Phy DF OF 
 1 Mika Zibanejad           Chris Kreider            Phil Kessel              60     0   0  5  
 2 Henrik Sedin             Greg Stewart             Steve Downie             40     0   0  5  

PowerPlay Defense
   Defense                  Defense                                           Time % Phy DF OF 
 1 Kevin Shattenkirk        Cam Fowler                                        60     0   0  5  
 2 Bryce Lampman            Mark Stuart                                       40     0   0  5  

Penalty Kill 4 Players Forward 
   Center                   Wing                     Time % Phy DF OF 
 1 Jean-Gabriel Pageau      Chad Larose              60     0   4  1  
 2 Nick Spaling             Tyler Kennedy            40     0   4  1  

Penalty Kill 4 Players Defense
   Defense                  Defense                  Time % Phy DF OF 
 1 Brian Dumoulin           Cam Fowler               60     1   4  0  
 2 Bryce Lampman            Mark Stuart              40     1   4  0  

Penalty Kill - 3 Players Forward 
   Forward                                           Time % Phy DF OF 
 1 Nick Spaling                                      60     0   5  0  
 2 Henrik Sedin                                      40     0   5  0  

Penalty Kill - 3 Players Defense
   Defense                  Defense                  Time % Phy DF OF 
 1 Mark Stuart              Brian Dumoulin           60     1   4  0  
 2 Philip Larsen            Kevin Shattenkirk        40     1   4  0  

4 vs 4 Forward 
   Center                   Wing                     Time % Phy DF OF 
 1 Jean-Gabriel Pageau      Chris Kreider            60     0   2  3  
 2 Mika Zibanejad           Phil Kessel              40     0   2  3  

4 vs 4 Defense
   Defense                  Defense                  Time % Phy DF OF 
 1 Kevin Shattenkirk        Cam Fowler               60     0   3  2  
 2 Bryce Lampman            Mark Stuart              40     0   3  2  

Last Minutes Offensive
   Center                   Left Wing                Right Wing               Defense                  Defense                  
   Jean-Gabriel Pageau      Chris Kreider            Phil Kessel              Kevin Shattenkirk        Cam Fowler               

Last Minutes Defensive
   Center                   Left Wing                Right Wing               Defense                  Defense                  
   Jean-Gabriel Pageau      Chris Kreider            Phil Kessel              Kevin Shattenkirk        Cam Fowler               

Goaltenders
Starting : Kristers Gudlevskis      
Backup : Allen York               

Extra Forwards
Normal : Chris Kreider, Mika Zibanejad, Phil Kessel - PP : Chris Kreider, Mika Zibanejad - PK : Tyler Kennedy
Extra Defensemen
Normal : Kevin Shattenkirk, Cam Fowler, Bryce Lampman - PP : Kevin Shattenkirk - PK : Mark Stuart, Bryce Lampman
Penalty Shots
Chris Kreider, Jean-Gabriel Pageau, Phil Kessel, Greg Stewart, Mika Zibanejad

Scratches
Anton Volchenkov (Healthy)

% Time on Ice - Red Wings

Lines # - Real PCT - Wanted PCT - Time Play
Normal Forward
1 - 39% - 40% - 17:06
2 - 27% - 30% - 11:52
3 - 17% - 20% - 7:30
4 - 17% - 10% - 7:25
Normal Defense
1 - 44% - 40% - 19:22
2 - 32% - 30% - 14:09
3 - 18% - 20% - 8:01
4 - 5% - 10% - 2:21
PP Forward
1 - 58% - 60% - 1:18
2 - 42% - 40% - 0:56
PP Defense
1 - 60% - 60% - 1:21
2 - 40% - 40% - 0:53
PK Forward
1 - 64% - 60% - 8:55
2 - 36% - 40% - 4:58
PK Defense
1 - 61% - 60% - 8:29
2 - 39% - 40% - 5:24
PK3 Forward
1 - 0% - 60%
2 - 0% - 40%
PK3 Defense
1 - 0% - 60%
2 - 0% - 40%
44 Forward
1 - 0% - 55%
2 - 0% - 45%
44 Defense
1 - 0% - 60%
2 - 0% - 40%
Last Minute Offensive  - 0:00
Last Minute Defensive  - 0:00
Total
Forward - 60:00
Defense - 60:00

% Time on Ice - Canadiens

Lines # - Real PCT - Wanted PCT - Time Play
Normal Forward
1 - 33% - 40% - 14:18
2 - 33% - 35% - 14:31
3 - 19% - 20% - 8:13
4 - 16% - 5% - 6:51
Normal Defense
1 - 42% - 40% - 18:29
2 - 31% - 30% - 13:41
3 - 22% - 20% - 9:52
4 - 4% - 10% - 1:51
PP Forward
1 - 51% - 60% - 7:03
2 - 49% - 40% - 6:50
PP Defense
1 - 59% - 60% - 8:14
2 - 41% - 40% - 5:39
PK Forward
1 - 81% - 60% - 1:49
2 - 19% - 40% - 0:25
PK Defense
1 - 89% - 60% - 1:59
2 - 11% - 40% - 0:15
PK3 Forward
1 - 0% - 60%
2 - 0% - 40%
PK3 Defense
1 - 0% - 60%
2 - 0% - 40%
44 Forward
1 - 0% - 60%
2 - 0% - 40%
44 Defense
1 - 0% - 60%
2 - 0% - 40%
Last Minute Offensive  - 0:00
Last Minute Defensive  - 0:00
Total
Forward - 60:00
Defense - 60:00

Play-by-Play

1st period


0:01 of 1st period - Chris Kreider wins face-off versus Nino Niederreiter in neutral zone.
0:27 of 1st period - Ryan O'Byrne is hit by Brandon Bollig and loses puck.
1:24 of 1st period - Philip Samuelsson is hit by Kevin Shattenkirk and loses puck.
1:53 of 1st period - Snap shot by Marko Dano.
1:53 of 1st period - Stopped by Kristers Gudlevskis without a rebound.
1:54 of 1st period - Jean-Gabriel Pageau wins face-off versus Dylan Larkin in Canadiens zone.
2:55 of 1st period - Minor Penalty to Michael Haley for Hooking.
2:56 of 1st period - Kris Versteeg wins face-off versus Mika Zibanejad in Red Wings zone.
3:49 of 1st period - Carson Mcmillan is hit by Mika Zibanejad and loses puck.
4:00 of 1st period - Kevin Shattenkirk is hit by Kris Versteeg and loses puck.
4:37 of 1st period - Drew Fata is hit by Steve Downie and loses puck.
4:55 of 1st period - Penalty to Michael Haley is over, Michael Haley is back on ice.
5:15 of 1st period - Dylan Larkin is hit by Tyler Kennedy and loses puck.
5:32 of 1st period - Snap shot by Nick Spaling.
5:32 of 1st period - Shot Blocked by Jakub Kindl.
5:34 of 1st period - Slapshot by Bryce Lampman.
5:34 of 1st period - Shot Misses the Net.
5:36 of 1st period - Slapshot by Bryce Lampman.
5:36 of 1st period - Stopped by Robin Lehner with a rebound.
5:48 of 1st period - Wrist shot by David Krejci.
5:48 of 1st period - Shot Misses the Net.
5:50 of 1st period - Wrist shot by Jakub Kindl.
5:50 of 1st period - Shot Blocked by Chris Kreider.
7:33 of 1st period - Jiri Fischer is hit by Brandon Bollig and loses puck.
7:50 of 1st period - Jakub Kindl is hit by Jordan Szwarz and loses puck.
8:09 of 1st period - Drew Fata is hit by Philip Larsen and loses puck.
8:20 of 1st period - Kevin Shattenkirk is hit by David Krejci and loses puck.
8:27 of 1st period - Drew Fata is hit by Bryce Lampman and loses puck.
8:38 of 1st period - Ole-Kristian Tollefsen is hit by Henrik Sedin and loses puck.
8:44 of 1st period - Icing by David Krejci.
8:45 of 1st period - Henrik Sedin wins face-off versus Jordin Tootoo in Red Wings zone.
9:25 of 1st period - Chris Kreider is hit by Connor Brown and loses puck.
9:51 of 1st period - Minor Penalty to Drew Fata for Interference.
9:52 of 1st period - Kris Versteeg wins face-off versus Mika Zibanejad in Red Wings zone.
10:00 of 1st period - Slapshot by Kevin Shattenkirk.
10:00 of 1st period - Deflect By Ryan O'Byrne.
10:00 of 1st period - Stopped by Robin Lehner without a rebound.
10:01 of 1st period - Mika Zibanejad wins face-off versus Kris Versteeg in Red Wings zone.
10:04 of 1st period - Wrist shot by Phil Kessel.
10:04 of 1st period - Shot Misses the Net.
10:26 of 1st period - Slapshot by Kevin Shattenkirk.
10:26 of 1st period - Shot Blocked by Ryan O'Byrne.
11:12 of 1st period - Off-side.
11:13 of 1st period - Henrik Sedin wins face-off versus Kris Versteeg in neutral zone.
11:24 of 1st period - Snap shot by Steve Downie.
11:24 of 1st period - Stopped by Robin Lehner with a rebound.
11:51 of 1st period - Penalty to Drew Fata is over, Drew Fata is back on ice.
11:59 of 1st period - Wrist shot by Greg Stewart.
11:59 of 1st period - Stopped by Robin Lehner without a rebound.
12:00 of 1st period - Henrik Zetterberg wins face-off versus Nick Spaling in Red Wings zone.
12:11 of 1st period - Wrist shot by Nick Spaling.
12:11 of 1st period - Stopped by Robin Lehner with a rebound.
12:13 of 1st period - Slapshot by Philip Larsen.
12:13 of 1st period - Stopped by Robin Lehner without a rebound.
12:14 of 1st period - Dylan Larkin wins face-off versus Mika Zibanejad in Red Wings zone.
12:14 of 1st period - Dylan Larkin is hit by Kevin Shattenkirk.
12:26 of 1st period - Chris Kreider is hit by Kris Versteeg and loses puck.
12:37 of 1st period - Minor Penalty to Cam Fowler for Tripping.
12:38 of 1st period - Henrik Zetterberg wins face-off versus Jean-Gabriel Pageau in Canadiens zone.
12:49 of 1st period - Snap shot by Nino Niederreiter.
12:49 of 1st period - Shot Misses the Net.
14:37 of 1st period - Penalty to Cam Fowler is over, Cam Fowler is back on ice.
14:51 of 1st period - Snap shot by Chris Kreider.
14:51 of 1st period - Stopped by Robin Lehner with a rebound.
15:11 of 1st period - Snap shot by Michael Haley.
15:11 of 1st period - Stopped by Kristers Gudlevskis without a rebound.
15:12 of 1st period - David Krejci wins face-off versus Tyler Kennedy in Canadiens zone.
15:26 of 1st period - Philip Samuelsson is hit by Brandon Bollig and loses puck.
15:33 of 1st period - Snap shot by Ryan O'Byrne.
15:33 of 1st period - Stopped by Kristers Gudlevskis with a rebound.
15:58 of 1st period - Jean-Gabriel Pageau is hit by Ryan O'Byrne and loses puck.
16:23 of 1st period - Slapshot by Philip Samuelsson.
16:23 of 1st period - Shot Blocked by Kevin Shattenkirk.
16:33 of 1st period - Connor Brown is hit by Kevin Shattenkirk and loses puck.
16:48 of 1st period - Wrist shot by T.J. Hensick.
16:48 of 1st period - Stopped by Kristers Gudlevskis without a rebound.
16:49 of 1st period - Mika Zibanejad wins face-off versus T.J. Hensick in Canadiens zone.
17:53 of 1st period - Snap shot by Steve Downie.
17:53 of 1st period - Stopped by Robin Lehner with a rebound.
18:12 of 1st period - Icing by Philip Larsen.
18:13 of 1st period - T.J. Hensick wins face-off versus Jean-Gabriel Pageau in Canadiens zone.
18:14 of 1st period - Slapshot by Carson Mcmillan.
18:14 of 1st period - Shot Blocked by Brian Dumoulin.
18:26 of 1st period - Wrist shot by Jean-Gabriel Pageau.
18:26 of 1st period - Shot Misses the Net.
18:28 of 1st period - Snap shot by Steve Downie.
18:28 of 1st period - Stopped by Robin Lehner with a rebound.
18:46 of 1st period - Wrist shot by Greg Stewart.
18:46 of 1st period - Shot Blocked by Ole-Kristian Tollefsen.
18:48 of 1st period - Slapshot by Steve Downie.
18:48 of 1st period - Stopped by Robin Lehner without a rebound.
18:49 of 1st period - Mika Zibanejad wins face-off versus Dylan Larkin in Red Wings zone.
18:56 of 1st period - Snap shot by Phil Kessel.
18:56 of 1st period - Shot Blocked by Connor Brown.
19:06 of 1st period - Backhand shot by Dylan Larkin.
19:06 of 1st period - Shot Misses the Net.
19:20 of 1st period - Wrist shot by Carson Mcmillan.
19:20 of 1st period - Stopped by Kristers Gudlevskis with a rebound.
19:37 of 1st period - Off-side.
19:38 of 1st period - David Krejci wins face-off versus Nick Spaling in neutral zone.
Goals for this period are 0 for Red Wings vs 0 for Canadiens.
Shots for this period are 5 for Red Wings vs 10 for Canadiens.

2nd period


0:01 of 2nd period - Chris Kreider wins face-off versus Henrik Zetterberg in neutral zone.
0:27 of 2nd period - Kris Versteeg is hit by Cam Fowler and loses puck.
0:44 of 2nd period - Carson Mcmillan is hit by Kevin Shattenkirk.
1:56 of 2nd period - Slapshot by Jean-Gabriel Pageau.
1:56 of 2nd period - Shot Misses the Net.
1:58 of 2nd period - Snap shot by Steve Downie.
1:58 of 2nd period - Deflect By Greg Stewart.
1:58 of 2nd period - Shot Misses the Net.
1:58 of 2nd period - Puck is out of play.
1:59 of 2nd period - Jean-Gabriel Pageau wins face-off versus Henrik Zetterberg in Red Wings zone.
2:00 of 2nd period - Wrist shot by Greg Stewart.
2:00 of 2nd period - Stopped by Robin Lehner without a rebound.
2:01 of 2nd period - Jean-Gabriel Pageau wins face-off versus Henrik Zetterberg in Red Wings zone.
2:02 of 2nd period - Snap shot by Greg Stewart.
2:02 of 2nd period - Shot Misses the Net.
2:34 of 2nd period - Minor Penalty to Henrik Zetterberg for Hooking.
2:35 of 2nd period - Kris Versteeg wins face-off versus Mika Zibanejad in Red Wings zone.
2:35 of 2nd period - Kris Versteeg is hit by Phil Kessel.
2:46 of 2nd period - Off-side.
2:47 of 2nd period - Kris Versteeg wins face-off versus Mika Zibanejad in neutral zone.
3:24 of 2nd period - Slapshot by Kevin Shattenkirk.
3:24 of 2nd period - Shot Misses the Net.
4:34 of 2nd period - Penalty to Henrik Zetterberg is over, Henrik Zetterberg is back on ice.
4:44 of 2nd period - Snap shot by Chad Larose.
4:44 of 2nd period - Shot Misses the Net.
4:46 of 2nd period - Snap shot by Chad Larose.
4:46 of 2nd period - Stopped by Robin Lehner without a rebound.
4:47 of 2nd period - Nick Spaling wins face-off versus Henrik Zetterberg in Red Wings zone.
5:19 of 2nd period - Snap shot by Tyler Kennedy.
5:19 of 2nd period - Goal by Tyler Kennedy - Red Wings : 0 - Canadiens : 1.
5:20 of 2nd period - Dylan Larkin wins face-off versus Mika Zibanejad in neutral zone.
6:08 of 2nd period - Mark Stuart is hit by Ryan O'Byrne.
6:14 of 2nd period - Wrist shot by Carson Mcmillan.
6:14 of 2nd period - Stopped by Kristers Gudlevskis without a rebound.
6:15 of 2nd period - Connor Brown wins face-off versus Chris Kreider in Canadiens zone.
6:16 of 2nd period - Snap shot by Dylan Larkin.
6:16 of 2nd period - Shot Misses the Net.
6:18 of 2nd period - Snap shot by Kris Versteeg.
6:18 of 2nd period - Deflect By Connor Brown.
6:18 of 2nd period - Stopped by Kristers Gudlevskis with a rebound.
6:59 of 2nd period - Minor Penalty to Drew Fata for Hooking.
7:00 of 2nd period - Mika Zibanejad wins face-off versus Kris Versteeg in Red Wings zone.
7:03 of 2nd period - Wrist shot by Phil Kessel.
7:03 of 2nd period - Shot Misses the Net.
7:19 of 2nd period - Carson Mcmillan is hit by Cam Fowler and loses puck.
7:32 of 2nd period - Snap shot by T.J. Hensick.
7:32 of 2nd period - Stopped by Kristers Gudlevskis without a rebound.
7:33 of 2nd period - T.J. Hensick wins face-off versus Henrik Sedin in Canadiens zone.
7:42 of 2nd period - Slapshot by Philip Samuelsson.
7:42 of 2nd period - Shot Misses the Net.
7:47 of 2nd period - Off-side.
7:48 of 2nd period - Kris Versteeg wins face-off versus Mika Zibanejad in neutral zone.
8:59 of 2nd period - Penalty to Drew Fata is over, Drew Fata is back on ice.
9:14 of 2nd period - Off-side.
9:15 of 2nd period - Henrik Zetterberg wins face-off versus Nick Spaling in neutral zone.
9:55 of 2nd period - Backhand shot by Jordin Tootoo.
9:55 of 2nd period - Shot Misses the Net.
9:57 of 2nd period - Slapshot by David Krejci.
9:57 of 2nd period - Stopped by Kristers Gudlevskis without a rebound.
9:58 of 2nd period - Jean-Gabriel Pageau wins face-off versus David Krejci in Canadiens zone.
10:23 of 2nd period - Philip Samuelsson is hit by Kevin Shattenkirk and loses puck.
11:01 of 2nd period - Snap shot by Greg Stewart.
11:01 of 2nd period - Shot Misses the Net.
11:03 of 2nd period - Slapshot by Greg Stewart.
11:03 of 2nd period - Shot Misses the Net.
11:05 of 2nd period - Snap shot by Steve Downie.
11:05 of 2nd period - Stopped by Robin Lehner without a rebound.
11:06 of 2nd period - Mika Zibanejad wins face-off versus Henrik Zetterberg in Red Wings zone.
11:07 of 2nd period - Slapshot by Chris Kreider.
11:07 of 2nd period - Stopped by Robin Lehner without a rebound.
11:08 of 2nd period - Mika Zibanejad wins face-off versus Henrik Zetterberg in Red Wings zone.
11:35 of 2nd period - Snap shot by Connor Brown.
11:35 of 2nd period - Shot Misses the Net.
11:41 of 2nd period - Slapshot by Tyler Kennedy.
11:41 of 2nd period - Shot Blocked by Ryan O'Byrne.
11:43 of 2nd period - Wrist shot by Brandon Bollig.
11:43 of 2nd period - Stopped by Robin Lehner with a rebound.
12:37 of 2nd period - Slapshot by Kris Versteeg.
12:37 of 2nd period - Stopped by Kristers Gudlevskis without a rebound.
12:38 of 2nd period - Henrik Sedin wins face-off versus Dylan Larkin in Canadiens zone.
12:56 of 2nd period - Icing by Kevin Shattenkirk.
12:57 of 2nd period - Henrik Zetterberg wins face-off versus Henrik Sedin in Canadiens zone.
13:00 of 2nd period - Snap shot by Nino Niederreiter.
13:00 of 2nd period - Shot Blocked by Kevin Shattenkirk.
13:11 of 2nd period - Off-side.
13:12 of 2nd period - Mika Zibanejad wins face-off versus Dylan Larkin in neutral zone.
13:23 of 2nd period - Wrist shot by Chris Kreider.
13:23 of 2nd period - Shot Blocked by Ryan O'Byrne.
13:25 of 2nd period - Wrist shot by Mika Zibanejad.
13:25 of 2nd period - Goal by Mika Zibanejad - Red Wings : 0 - Canadiens : 2.
13:26 of 2nd period - Mika Zibanejad wins face-off versus Henrik Zetterberg in neutral zone.
13:37 of 2nd period - Slapshot by Phil Kessel.
13:37 of 2nd period - Shot Misses the Net.
13:39 of 2nd period - Wrist shot by Mika Zibanejad.
13:39 of 2nd period - Stopped by Robin Lehner without a rebound.
13:40 of 2nd period - Henrik Zetterberg wins face-off versus Chris Kreider in Red Wings zone.
13:45 of 2nd period - Ryan O'Byrne is hit by Chris Kreider and loses puck.
14:26 of 2nd period - Backhand shot by Bryce Lampman.
14:26 of 2nd period - Stopped by Robin Lehner without a rebound.
14:27 of 2nd period - T.J. Hensick wins face-off versus Henrik Sedin in Red Wings zone.
14:27 of 2nd period - T.J. Hensick is hit by Cam Fowler.
14:37 of 2nd period - Wrist shot by Carson Mcmillan.
14:37 of 2nd period - Stopped by Kristers Gudlevskis without a rebound.
14:38 of 2nd period - Mika Zibanejad wins face-off versus Henrik Zetterberg in Canadiens zone.
14:55 of 2nd period - Chris Kreider is hit by Nino Niederreiter and loses puck.
15:02 of 2nd period - Cam Fowler is hit by Nino Niederreiter and loses puck.
17:58 of 2nd period - Wrist shot by Mika Zibanejad.
17:58 of 2nd period - Stopped by Robin Lehner with a rebound.
18:00 of 2nd period - Snap shot by Phil Kessel.
18:00 of 2nd period - Stopped by Robin Lehner without a rebound.
18:01 of 2nd period - Jean-Gabriel Pageau wins face-off versus Dylan Larkin in Red Wings zone.
18:06 of 2nd period - Slapshot by Steve Downie.
18:06 of 2nd period - Stopped by Robin Lehner without a rebound.
18:07 of 2nd period - Dylan Larkin wins face-off versus Jean-Gabriel Pageau in Red Wings zone.
18:22 of 2nd period - Snap shot by Steve Downie.
18:22 of 2nd period - Stopped by Robin Lehner with a rebound.
18:40 of 2nd period - Snap shot by Henrik Sedin.
18:40 of 2nd period - Stopped by Robin Lehner with a rebound.
18:42 of 2nd period - Slapshot by Bryce Lampman.
18:42 of 2nd period - Stopped by Robin Lehner without a rebound.
18:43 of 2nd period - Carson Mcmillan wins face-off versus Jean-Gabriel Pageau in Red Wings zone.
18:43 of 2nd period - Carson Mcmillan is hit by Brian Dumoulin.
18:46 of 2nd period - Minor Penalty to T.J. Hensick for Tripping.
18:47 of 2nd period - Henrik Sedin wins face-off versus Kris Versteeg in Red Wings zone.
18:47 of 2nd period - Slapshot by Greg Stewart.
18:47 of 2nd period - Stopped by Robin Lehner without a rebound.
18:48 of 2nd period - Henrik Sedin wins face-off versus Kris Versteeg in Red Wings zone.
18:57 of 2nd period - Snap shot by Henrik Sedin.
18:57 of 2nd period - Shot Blocked by Drew Fata.
18:59 of 2nd period - Snap shot by Steve Downie.
18:59 of 2nd period - Shot Misses the Net.
19:01 of 2nd period - Snap shot by Mark Stuart.
19:01 of 2nd period - Deflect By Drew Fata.
19:01 of 2nd period - Stopped by Robin Lehner without a rebound.
19:02 of 2nd period - Henrik Sedin wins face-off versus Kris Versteeg in Red Wings zone.
Goals for this period are 0 for Red Wings vs 2 for Canadiens.
Shots for this period are 6 for Red Wings vs 17 for Canadiens.

3rd period


0:01 of 3rd period - Mika Zibanejad wins face-off versus Kris Versteeg in neutral zone.
0:46 of 3rd period - Penalty to T.J. Hensick is over, T.J. Hensick is back on ice.
1:09 of 3rd period - Snap shot by Carson Mcmillan.
1:09 of 3rd period - Stopped by Kristers Gudlevskis with a rebound.
1:14 of 3rd period - Off-side.
1:15 of 3rd period - Jean-Gabriel Pageau wins face-off versus Dylan Larkin in neutral zone.
1:18 of 3rd period - Slapshot by Philip Larsen.
1:18 of 3rd period - Shot Misses the Net.
1:24 of 3rd period - Snap shot by Jean-Gabriel Pageau.
1:24 of 3rd period - Shot Misses the Net.
1:26 of 3rd period - Snap shot by Steve Downie.
1:26 of 3rd period - Stopped by Robin Lehner without a rebound.
1:27 of 3rd period - Dylan Larkin wins face-off versus Jean-Gabriel Pageau in Red Wings zone.
1:36 of 3rd period - Snap shot by Connor Brown.
1:36 of 3rd period - Shot Misses the Net.
1:38 of 3rd period - Snap shot by Dylan Larkin.
1:38 of 3rd period - Shot Misses the Net.
1:40 of 3rd period - Slapshot by Drew Fata.
1:40 of 3rd period - Stopped by Kristers Gudlevskis with a rebound.
1:42 of 3rd period - Backhand shot by Kris Versteeg.
1:42 of 3rd period - Stopped by Kristers Gudlevskis with a rebound.
1:44 of 3rd period - Backhand shot by Connor Brown.
1:44 of 3rd period - Shot Blocked by Kevin Shattenkirk.
1:54 of 3rd period - Tye McGinn is hit by Kevin Shattenkirk and loses puck.
2:39 of 3rd period - Wrist shot by Michael Haley.
2:39 of 3rd period - Stopped by Kristers Gudlevskis with a rebound.
2:49 of 3rd period - David Krejci is hit by Jordan Szwarz and loses puck.
3:12 of 3rd period - Snap shot by Mika Zibanejad.
3:12 of 3rd period - Stopped by Robin Lehner with a rebound.
3:22 of 3rd period - Snap shot by Kris Versteeg.
3:22 of 3rd period - Shot Misses the Net.
3:24 of 3rd period - Slapshot by Ryan O'Byrne.
3:24 of 3rd period - Shot Blocked by Cam Fowler.
3:44 of 3rd period - Snap shot by Marko Dano.
3:44 of 3rd period - Shot Misses the Net.
3:46 of 3rd period - Slapshot by Philip Samuelsson.
3:46 of 3rd period - Shot Blocked by Kevin Shattenkirk.
3:48 of 3rd period - Wrist shot by Nino Niederreiter.
3:48 of 3rd period - Goal by Nino Niederreiter - Red Wings : 1 - Canadiens : 2.
3:49 of 3rd period - Jean-Gabriel Pageau wins face-off versus Connor Brown in neutral zone.
4:28 of 3rd period - Slapshot by Carson Mcmillan.
4:28 of 3rd period - Shot Blocked by Mika Zibanejad.
5:06 of 3rd period - Slapshot by Cam Fowler.
5:06 of 3rd period - Stopped by Robin Lehner with a rebound.
6:29 of 3rd period - Jordin Tootoo is hit by Philip Larsen and loses puck.
6:53 of 3rd period - Slapshot by Kevin Shattenkirk.
6:53 of 3rd period - Stopped by Robin Lehner with a rebound.
6:55 of 3rd period - Snap shot by Greg Stewart.
6:55 of 3rd period - Shot Misses the Net.
6:59 of 3rd period - Slapshot by Greg Stewart.
6:59 of 3rd period - Deflect By Steve Downie.
6:59 of 3rd period - Deflect By Drew Fata.
6:59 of 3rd period - Stopped by Robin Lehner without a rebound.
7:00 of 3rd period - Henrik Zetterberg wins face-off versus Mika Zibanejad in Red Wings zone.
7:29 of 3rd period - Wrist shot by Connor Brown.
7:29 of 3rd period - Stopped by Kristers Gudlevskis without a rebound.
7:30 of 3rd period - Jean-Gabriel Pageau wins face-off versus Kris Versteeg in Canadiens zone.
8:35 of 3rd period - Phil Kessel is hit by Jiri Fischer.
8:41 of 3rd period - Backhand shot by Henrik Zetterberg.
8:41 of 3rd period - Shot Blocked by Mika Zibanejad.
8:43 of 3rd period - Snap shot by Marko Dano.
8:43 of 3rd period - Stopped by Kristers Gudlevskis without a rebound.
8:44 of 3rd period - Dylan Larkin wins face-off versus Jean-Gabriel Pageau in Canadiens zone.
9:16 of 3rd period - Snap shot by Carson Mcmillan.
9:16 of 3rd period - Shot Misses the Net.
9:18 of 3rd period - Slapshot by T.J. Hensick.
9:18 of 3rd period - Stopped by Kristers Gudlevskis without a rebound.
9:19 of 3rd period - T.J. Hensick wins face-off versus Jean-Gabriel Pageau in Canadiens zone.
9:20 of 3rd period - Snap shot by Carson Mcmillan.
9:20 of 3rd period - Shot Blocked by Greg Stewart.
9:22 of 3rd period - Snap shot by T.J. Hensick.
9:22 of 3rd period - Shot Misses the Net.
9:53 of 3rd period - Wrist shot by Connor Brown.
9:53 of 3rd period - Shot Misses the Net.
9:55 of 3rd period - Slapshot by Philip Samuelsson.
9:55 of 3rd period - Shot Blocked by Mika Zibanejad.
9:57 of 3rd period - Snap shot by Connor Brown.
9:57 of 3rd period - Stopped by Kristers Gudlevskis without a rebound.
9:58 of 3rd period - Henrik Zetterberg wins face-off versus Jean-Gabriel Pageau in Canadiens zone.
10:14 of 3rd period - Kevin Shattenkirk is hit by Henrik Zetterberg and loses puck.
10:25 of 3rd period - Ole-Kristian Tollefsen is hit by Kevin Shattenkirk and loses puck.
10:30 of 3rd period - Snap shot by Mika Zibanejad.
10:30 of 3rd period - Shot Blocked by Drew Fata.
10:32 of 3rd period - Wrist shot by Chris Kreider.
10:32 of 3rd period - Stopped by Robin Lehner with a rebound.
10:42 of 3rd period - Mark Stuart is hit by Drew Fata and loses puck.
10:54 of 3rd period - Minor Penalty to Ole-Kristian Tollefsen for High sticking.
10:55 of 3rd period - Kris Versteeg wins face-off versus Henrik Sedin in Red Wings zone.
11:22 of 3rd period - Drew Fata is hit by Chris Kreider and loses puck.
12:03 of 3rd period - Jiri Fischer is hit by Bryce Lampman.
12:54 of 3rd period - Penalty to Ole-Kristian Tollefsen is over, Ole-Kristian Tollefsen is back on ice.
12:58 of 3rd period - Snap shot by T.J. Hensick.
12:58 of 3rd period - Shot Misses the Net.
13:00 of 3rd period - Snap shot by Marko Dano.
13:00 of 3rd period - Shot Misses the Net.
13:02 of 3rd period - Snap shot by Nino Niederreiter.
13:02 of 3rd period - Shot Misses the Net.
13:04 of 3rd period - Slapshot by Ole-Kristian Tollefsen.
13:04 of 3rd period - Stopped by Kristers Gudlevskis with a rebound.
13:38 of 3rd period - Snap shot by T.J. Hensick.
13:38 of 3rd period - Shot Misses the Net.
13:40 of 3rd period - Wrist shot by Carson Mcmillan.
13:40 of 3rd period - Shot Blocked by Brian Dumoulin.
13:42 of 3rd period - Snap shot by Carson Mcmillan.
13:42 of 3rd period - Shot Blocked by Philip Larsen.
14:02 of 3rd period - Mika Zibanejad is hit by Kris Versteeg and loses puck.
14:15 of 3rd period - Michael Haley is hit by Steve Downie and loses puck.
14:47 of 3rd period - Tye McGinn is hit by Nick Spaling and loses puck.
14:58 of 3rd period - Minor Penalty to T.J. Hensick for Hooking.
14:59 of 3rd period - Kris Versteeg wins face-off versus Mika Zibanejad in Red Wings zone.
15:10 of 3rd period - Snap shot by Mika Zibanejad.
15:10 of 3rd period - Shot Blocked by Carson Mcmillan.
16:44 of 3rd period - Kris Versteeg is hit by Kevin Shattenkirk and loses puck.
16:58 of 3rd period - Penalty to T.J. Hensick is over, T.J. Hensick is back on ice.
17:13 of 3rd period - Wrist shot by Jordan Szwarz.
17:13 of 3rd period - Shot Misses the Net.
17:15 of 3rd period - Wrist shot by Brandon Bollig.
17:15 of 3rd period - Stopped by Robin Lehner with a rebound.
17:17 of 3rd period - Snap shot by Brandon Bollig.
17:17 of 3rd period - Shot Misses the Net.
17:19 of 3rd period - Wrist shot by Brandon Bollig.
17:19 of 3rd period - Shot Misses the Net.
18:19 of 3rd period - Mika Zibanejad is hit by Nino Niederreiter and loses puck.
18:27 of 3rd period - Icing by Bryce Lampman.
18:28 of 3rd period - Dylan Larkin wins face-off versus Jean-Gabriel Pageau in Canadiens zone.
18:42 of 3rd period - Mark Stuart is hit by Tye McGinn and loses puck.
18:49 of 3rd period - Jean-Gabriel Pageau is hit by T.J. Hensick and loses puck.
19:20 of 3rd period - Red Wings, Robin Lehner is pulled from the net.
19:38 of 3rd period - Snap shot by Carson Mcmillan.
19:38 of 3rd period - Shot Misses the Net.
19:40 of 3rd period - Wrist shot by Carson Mcmillan.
19:40 of 3rd period - Stopped by Kristers Gudlevskis with a rebound.
19:42 of 3rd period - Slapshot by Drew Fata.
19:42 of 3rd period - Shot Blocked by Cam Fowler.
19:44 of 3rd period - Minor Penalty to Cam Fowler for Roughing.
19:45 of 3rd period - Henrik Zetterberg wins face-off versus Tyler Kennedy in Canadiens zone.
19:48 of 3rd period - Wrist shot by Henrik Zetterberg.
19:48 of 3rd period - Stopped by Kristers Gudlevskis without a rebound.
19:49 of 3rd period - Terry Murray call a timeout for Red Wings.
19:49 of 3rd period - Henrik Zetterberg wins face-off versus Tyler Kennedy in Canadiens zone.
19:50 of 3rd period - Snap shot by Marko Dano.
19:50 of 3rd period - Shot Misses the Net.
Goals for this period are 1 for Red Wings vs 0 for Canadiens.
Shots for this period are 12 for Red Wings vs 7 for Canadiens. Output by the SimonT Hockey Simulator (STHS) for Francois Prevost - Original Page W3C HTML5 Valid
Hockey Simulator - Hockey Simulation - Hockey Manager